 Dungeon Crawl Stone Soup version 0.25-a0-737-g26c3a87c45 (webtiles) character file.

Game seed: 15589751660956107197, levelgen mode: deterministic

423 vurker the Gusty (level 6, 28/28 HPs)
             Began as a Felid Air Elementalist on Apr 12, 2020.
             Was an Initiate of Vehumet.
             Quit the game on level 5 of the Dungeon.
             The game lasted 00:07:45 (8188 turns).

vurker the Gusty (Felid Air Elementalist)           Turns: 8188, Time: 00:07:46

Health: 28/28      AC:  2    Str:  4    XL:     6   Next: 63%
Magic:  14/14      EV: 18    Int: 18    God:    Vehumet [......]
Gold:   284        SH:  0    Dex: 17    Spells: 5/15 levels left
                                        Lives:  1   Deaths: 1

rFire    . . .     SeeInvis +   (weapon unavailable)
rCold    . . .     Gourm    .   (shield unavailable)
rNeg     . . .     Faith    .   (armour unavailable)
rPois    .         Spirit   .   (helmet unavailable)
rElec    .         Reflect  .   (cloak unavailable)
rCorr    .         Harm     .   (gloves unavailable)
MR       .....                  (boots unavailable)
Stlth    +++.......             (no amulet)
HPRegen  0.09/turn              (no ring)
MPRegen  0.14/turn              (no ring)

@: quick
A: very small, no armour, no weapons or thrown items, stealth, claws 1, fangs 3,
see invisible, carnivore, speed 1, shaggy fur 2, slow metabolism 1, sharp paws
a: Renounce Religion


You were on level 5 of the Dungeon.
You worshipped Vehumet.
Vehumet was noncommittal.
You were not hungry.

You visited 2 branches of the dungeon, and saw 6 of its levels.

You collected 284 gold pieces.

Inventory:

Wands
 q - a wand of clouds (5)
   (You found it on level 4 of the Dungeon)
 u - a wand of paralysis (8)
   (You found it on level 4 of the Dungeon)
Scrolls
 d - a scroll of amnesia {unknown}
 f - 3 scrolls of remove curse
 j - 2 scrolls of fog {unknown}
 k - a scroll of teleportation {unknown}
 l - 2 scrolls of fear {unknown}
 m - a scroll of immolation {unknown}
 n - a scroll of enchant armour {unknown}
 o - a scroll of enchant weapon {unknown}
 p - a scroll of blinking {unknown}
 r - a scroll of random uselessness {unknown}
Potions
 a - 2 potions of curing
 b - a potion of ambrosia
 c - a potion of haste {unknown}
 h - a potion of mutation {unknown}
 i - a potion of flight {unknown}
Comestibles
 e - 14 rations


   Skills:
 + Level 3.1 Fighting
 - Level 2.6 Dodging
 - Level 2.6 Stealth
 * Level 5.0 Spellcasting
 + Level 3.1 Conjurations
 * Level 5.2 Air Magic


You had 5 spell levels left.
You knew the following spells:

 Your Spells              Type           Power        Failure   Level  Hunger
a - Shock                 Conj/Air       ###.         2%          1    None
b - Lightning Bolt        Conj/Air       ###.......   54%         5    ######.
c - Airstrike             Air            ###.......   16%         4    ####...

Your spell library contained the following spells:

 Spells                   Type           Power        Failure   Level  Hunger
 Swiftness                Chrm/Air       ##......     7%          2    #......
 Static Discharge         Conj/Air       ###.....     7%          3    ##.....
 Freeze                   Ice            #...         13%         1    None
 Frozen Ramparts          Ice            #.....       36%         3    ##.....
 Ozocubu's Armour         Chrm/Ice       #.......     36%         3    ##.....
 Hailstorm                Conj/Ice       ##......     56%         4    ####...
 Summon Ice Beast         Ice/Summ       #.......     78%         4    ####...


Dungeon Overview and Level Annotations

Branches:
Dungeon (5/15)             Temple (1/1) D:4

Altars:
Ashenzari
Elyvilon
Fedhas
Gozag
Hepliaklqana
Kikubaaqudgha
Makhleb
Nemelex Xobeh
Okawaru
Qazlal
Ru
Sif Muna
Trog
Uskayaw
Vehumet
Wu Jian
Xom
Yredelemnul
Zin
The Shining One

Annotations:
D:5 Blork the orc


Innate Abilities, Weirdness & Mutations

You cannot wear armour.
You are incapable of wielding weapons or throwing items.
Your paws allow you to move quietly. (Stealth)
You have sharp claws.
You have razor-sharp teeth.
You have supernaturally acute eyesight. (SInv)
You are carnivorous and can eat meat at any time.
You cover ground quickly.
You are covered in thick fur. (AC +2)
You have a slow metabolism.
Your sharp claws are effective at attacking unaware monsters.


Message History

The zap misses the hound.
The hound misses you.
Aim: a hound (moderately wounded)
The zap hits the hound. x2; The hound barely misses you.
Aim: a hound (heavily wounded)
The zap hits the hound. x2; The hound completely misses you.
The hound bites you.
Aim: a hound (almost dead)
The zap misses the hound. x2; The hound bites you.
Aim: a hound (almost dead)
The zap misses the hound. x2; The zap hits the adder.
The adder bites you. The hound bites you. The adder closely misses you.
The hound completely misses you.
Aim: a hound (almost dead)
The zap hits the hound!
You kill the hound!
Vehumet accepts your kill.
The zap misses the adder.
The adder misses you.
The zap misses the adder.
The zap hits the adder.
The adder bites you.
You are poisoned.
The adder poisons you!
The zap hits the adder.
The zap misses the adder.
You feel sick. The adder barely misses you.
The adder bites you but does no damage.
The zap hits the adder!
You kill the adder!
Vehumet accepts your kill.
Your Spellcasting skill increases to level 5!
You feel sick.
You feel sick.
You feel sick.
You feel sick.
You feel sick.
You feel sick.
You feel sick.
You are no longer poisoned.
You see here an adder skeleton.
Blork the orc comes into view.
He is wielding a +2 battleaxe of electrocution and carrying a wand of random effects (10).
Aim: Blork the orc, wielding a +2 battleaxe of electrocution, wearing a +0 robe and carrying a wand of random effects (10) (resting)
The air twists around and strikes Blork the orc!
Blork the orc shouts!
Blork the orc hits you with a +2 battleaxe of electrocution!
Aim: Blork the orc, wielding a +2 battleaxe of electrocution, wearing a +0 robe and carrying a wand of random effects (10) (moderately wounded)
The air twists around and strikes Blork the orc!
Blork the orc hits you with a +2 battleaxe of electrocution.
You are electrocuted!
* * * LOW HITPOINT WARNING * * *
Blork the orc casts a spell at you. The puff of frost hits you!
You die...
You are now level 6!
You rejoin the land of the living...

#.. #.. #.. #..
.. .## #.##
#@.#
#.............#
#.........##...
#...####.## #
..# .# . .# .#
..


There were no monsters in sight!

Vanquished Creatures
  Sigmund (D:3)
  An ice beast (D:5)
  A phantom (D:4)
  An ogre (D:4)
  Crazy Yiuf (D:3)
  2 hounds
  A centaur skeleton (D:4)
  2 iguanas (D:4)
  Terence (D:3)
  A worker ant (D:5)
  7 gnolls
  4 adders
  3 oozes
  2 worms (D:3)
  2 dart slugs (D:1)
  2 leopard geckos
  An orc (D:3)
  7 bats
  4 giant cockroaches
  11 goblins
  7 hobgoblins
  2 quokkas (D:4)
  A ball python (D:3)
  A ball python skeleton (D:5)
  6 frilled lizards
  6 kobolds
  A leopard gecko skeleton (D:4)
  A quokka skeleton (D:4)
  7 rats
87 creatures vanquished.

Vanquished Creatures (others)
  A fungus (D:3)
1 creature vanquished.

Grand Total: 88 creatures vanquished

Notes
Turn   | Place    | Note
-------+----------+-------------------------------------------
     0 | D:1      | vurker the Felid Air Elementalist began the quest for the
                  | Orb.
     0 | D:1      | Reached XP level 1. HP: 7/7 MP: 4/4
    54 | D:1      | Reached skill level 1 in Conjurations
   286 | D:1      | Reached XP level 2. HP: 12/12 MP: 4/6
   639 | D:1      | Reached XP level 3. HP: 15/15 MP: 1/7
  1545 | D:2      | Found an iron altar of Okawaru.
  1577 | D:2      | Reached skill level 1 in Fighting
  2253 | D:2      | Reached XP level 4. HP: 19/19 MP: 3/9
  2593 | D:2      | Found a stormy altar of Qazlal.
  2593 | D:2      | Found an ornate altar of the Wu Jian Council.
  2710 | D:3      | Found a burning altar of Makhleb.
  2713 | D:3      | Noticed Sigmund
  3199 | D:3      | Noticed Terence
  3225 | D:3      | Killed Terence
  3577 | D:3      | Found a runed translucent door.
  3578 | D:3      | Noticed Crazy Yiuf
  3666 | D:3      | Found a shimmering altar of Xom.
  4026 | D:3      | Killed Crazy Yiuf
  4026 | D:3      | Reached XP level 5. HP: 4/22 MP: 5/10
  4403 | D:3      | Found a burning altar of Makhleb.
  4509 | D:3      | Killed Sigmund
  4509 | D:3      | Gained mutation: You are covered in thick fur. (AC +2)
                  | [Felid growth]
  4509 | D:3      | Reached XP level 6. HP: 6/26 MP: 3/12
  5028 | D:3      | Found a shimmering altar of Xom.
  5115 | D:4      | Learned a level 5 spell: Lightning Bolt
  5120 | D:4      | Learned a level 4 spell: Airstrike
  5151 | D:4      | Found a staircase to the Ecumenical Temple.
  5187 | Temple   | Entered the Ecumenical Temple
  5237 | Temple   | Became a worshipper of Vehumet
  6317 | D:4      | Reached XP level 7. HP: 30/30 MP: 1/14
  7211 | D:5      | Entered Level 5 of the Dungeon
  7288 | D:5      | Reached skill level 5 in Air Magic
  7952 | D:5      | Reached skill level 5 in Spellcasting
  8178 | D:5      | Noticed Blork the orc
  8187 | D:5      | Killed from afar by Blork the orc
  8188 | D:5      | Reached XP level 6. HP: -4/28 MP: 7/14
  8188 | D:5      | Quit the game

Levels and vault maps discovered:
D:1:      lightli_molten_gateway, layout_loops_corners, grunt_decor_clamped,
          minmay_misc_feat_pillars
D:2:      layout_basic, overflow_temple_1_default,
          gammafunk_temple_overflow_elements
D:3:      layout_loops_ring, xom_teletrap_fun, old_standard_altar,
          kennysheep_generic_room_7, uniq_crazy_yiuf_cottage, uniq_sigmund,
          uniq_terence
D:4:      layout_basic, minmay_temple_entry_trees, chequers_garden,
          kennysheep_opposing_triangles
D:5:      layout_layer_cave, biasface_ghost_orc_armoury, first_ration,
          minmay_small_thing, uniq_blork_the_orc
Temple:   regret_index_temple_waves

Skill      XL: |  1  2  3  4  5  6  7 |
---------------+----------------------+-----
Conjurations   | 1 2 3 |  3.1
Air Magic      | 3 4 5 |  5.2
Fighting       | 1 2 3 |  3.1
Spellcasting   | 3 4 5 |  5.0
Dodging        | |  2.6
Stealth        | |  2.6

Action                   |  1- 3 |  4- 6 |  7- 9 || total
-------------------------+-------+-------+-------++-------
Melee: Unarmed           |    19 |     6 |       ||    25
       Bite              |     3 |       |       ||     3
 Cast: Shock             |    81 |   112 |    49 ||   242
       Airstrike         |       |     4 |    10 ||    14
  Use: Scroll            |       |       |     4 ||     4
  Eat: Chunk             |    10 |     8 |     5 ||    23
Armor: Skin              |     4 |       |     1 ||     5
Dodge: Dodged            |    37 |    13 |    10 ||    60

Table legend:
 A = Non-vault XP
 B = Vault XP
 C = Vault XP percentage of total XP
 D = Non-vault monster count
 E = Vault monster count
 F = Vault count percentage of total count
                 A         B        C        D         E       F
            +---------+---------+-------+---------+---------+-------
      Total |     847 |     328 |  27.9 |      81 |       6 |   6.9
            +---------+---------+-------+---------+---------+-------
        D:1 |      55 |       0 |   0.0 |      26 |       0 |   0.0
        D:2 |      53 |       0 |   0.0 |      18 |       0 |   0.0
        D:3 |      26 |     290 |  91.8 |      12 |       4 |  25.0
        D:4 |     442 |      38 |   7.9 |      15 |       2 |  11.8
        D:5 |     271 |       0 |   0.0 |      10 |       0 |   0.0
            +---------+---------+-------+---------+---------+-------
